 Dungeon Crawl Stone Soup version 0.30-a0-777-ga9a30cbeda (console) character file.

Game seed: 16255156887167322886

306 rlgrobin the Chopper (level 6, -2/53 HPs)
             Began as an Armataur Fighter on Feb 15, 2023.
             Slain by an ice beast (14 damage)
             ... on level 5 of the Dungeon.
             The game lasted 00:02:33 (472 turns).

rlgrobin the Chopper (Armataur Fighter)              Turns: 472, Time: 00:02:35

Health: -2/53      AC:  8    Str: 21    XL:     6   Next: 16%
Magic:  6/6        EV: 12    Int:  9    God:
Gold:   64         SH:  4    Dex: 11    Spells: 5/5 levels left

rFire   . . .      SeeInvis .    a - +0 war axe
rCold   . . .      Faith    .    c - +0 buckler
rNeg    . . .      Spirit   .    b - +0 scale mail
rPois   .          Reflect  .    (no helmet)
rElec   .          Harm     .    (no cloak)
rCorr   .          Roll     +    f - +0 pair of gloves
Will    .....                    (no barding) Stlth
                                 (no amulet)
HPRegen 0.28/turn                o - ring of flight
MPRegen 0.10/turn                p - +5 ring of evasion

@: flying
A: large, rugged brown scales 3, deformed body, armoured tail, roll, long
tongue, awkward tongue
a: no special abilities


You were on level 5 of the Dungeon.
You visited 1 branch of the dungeon, and saw 5 of its levels.

You collected 64 gold pieces.

Inventory:

Hand Weapons
 a - a +0 war axe (weapon)
Armour
 b - a +0 scale mail (worn)
 c - a +0 buckler (worn)
 f - a +0 pair of gloves (worn)
Jewellery
 o - a ring of flight (left hand)
 p - a +5 ring of evasion (right hand)
Wands
 n - a wand of polymorph (23)
Scrolls
 d - a scroll of poison {unknown}
 g - a scroll of fog {unknown}
 k - 2 scrolls of identify {unknown}
 l - 3 scrolls of teleportation {unknown}
Potions
 e - a potion of berserk rage {unknown}
 h - a potion of haste {unknown}
 i - 2 potions of curing {unknown}
 j - a potion of heal wounds {unknown}
 m - 2 potions of brilliance {unknown}


   Skills:
 - Level 2.6 Fighting
 + Level 5.4 Axes
 - Level 3.6 Armour
 - Level 3.2 Shields


You had 5 spell levels left.
You didn't know any spells.
Your spell library was empty.

Dungeon Overview and Level Annotations

Branches:
Dungeon (5/15)
 Temple: D:4-7

Altars:


Innate Abilities, Weirdness & Mutations

You are completely covered in rugged brown scales. (AC +3, +7% HP)
Armour fits poorly on your strangely shaped body.
You have a long armoured tail.
You roll when moving toward enemies. (Rampage)
Your long tongue fully drains potion bottles. (2x potion effects)
Your tongue gives you trouble enunciating. (1.5x scroll delay)


Message History

You barely miss the ice beast. You block the ice beast's attack.
You hit the ice beast.
Your tail-slap misses the ice beast.
The ice beast is lightly wounded.
The ice beast barely misses you. You block the ice beast's attack.
You barely miss the ice beast.
The ice beast is lightly wounded.
The ice beast hits you. The ice beast freezes you!
You slash the ice beast!
The ice beast is heavily wounded.
The ice beast hits you but does no damage.
You hit the ice beast. You tail-slap the ice beast.
The ice beast is severely wounded.
The ice beast hits you. The ice beast freezes you.
You are too injured to fight recklessly!
You are too injured to fight recklessly!
You are too injured to fight recklessly!
You closely miss the ice beast.
The ice beast is severely wounded.
The ice beast completely misses you.
The ice beast hits you but does no damage.
You barely miss the ice beast.
The ice beast is severely wounded.
The ice beast misses you.
You closely miss the ice beast.
The ice beast is severely wounded.
The ice beast hits you but does no damage.
You closely miss the ice beast.
The ice beast is severely wounded.
The ice beast hits you but does no damage.
The ice beast hits you. The ice beast freezes you!
* * * LOW HITPOINT WARNING * * *
You closely miss the ice beast.
The ice beast is severely wounded.
You block the ice beast's attack.
You barely miss the ice beast.
The ice beast is severely wounded.
The ice beast hits you.
* * * LOW HITPOINT WARNING * * *
The ice beast freezes you!
You die...

#..#
#..#
#?.#
#..#
#..###$#
#......#
##.###.#
#Y# #@#
#.####
#....#
####.#
#.# #.#
#.# #.#
#.#


You could see an ice beast.

Vanquished Creatures
  Sigmund (D:3)
  A necrophage (D:4)
  A hound (D:5)
  An iguana (D:5)
  3 ball pythons
  A giant cockroach (D:3)
  5 goblins
  5 hobgoblins
  4 jackals (D:4)
  3 kobolds
  2 quokkas (D:1)
  A bat (D:3)
  A frilled lizard (D:1)
  A rat (D:1)
30 creatures vanquished.

Notes
Turn   | Place    | Note
-------+----------+-------------------------------------------
     0 | D:1      | rlgrobin the Armataur Fighter began the quest for the Orb.
     0 | D:1      | Reached XP level 1. HP: 19/19 MP: 1/1
    69 | D:1      | Reached skill level 2 in Axes
   121 | D:1      | Reached XP level 2. HP: 24/26 MP: 2/2
   185 | D:3      | Noticed Sigmund
   190 | D:3      | Killed Sigmund
   191 | D:3      | Reached skill level 4 in Axes
   191 | D:3      | Reached XP level 3. HP: 30/32 MP: 3/3
   191 | D:3      | Reached XP level 4. HP: 36/39 MP: 4/4
   191 | D:3      | Reached XP level 5. HP: 41/44 MP: 5/5
   287 | D:4      | Reached skill level 5 in Axes
   401 | D:5      | Entered Level 5 of the Dungeon
   412 | D:5      | Reached XP level 6. HP: 47/53 MP: 6/6
   446 | D:5      | Noticed an ice beast
   472 | D:5      | Slain by an ice beast

Illustrated notes

Levels and vault maps discovered:
D:1:      dpeg_cavernosity, layout_rooms
D:2:      layout_basic
D:3:      layout_rooms, kennysheep_minor_cross, uniq_sigmund
D:4:      layout_gridville, good_gods_temple_1, minmay_temple_entry_slanted
D:5:      layout_loops_ring, uniq_crazy_yiuf_cottage, uniq_blork_the_orc

Skill      XL: |  1  2  3  4  5 |
---------------+----------------+-----
Axes           | 2 4 5 |  5.4
Fighting       | |  2.6
Armour         | |  3.6
Shields        | |  3.2

Action                     |  1- 3 |  4- 6 || total
---------------------------+-------+-------++-------
  Melee: War axe           |    27 |    58 ||    85
         Tailslap          |     1 |     4 ||     5
    Use: Potion            |     1 |       ||     1
 Armour: Scale mail        |    13 |    27 ||    40
  Dodge: Dodged            |    11 |    24 ||    35
  Block: Buckler           |     5 |    11 ||    16

Table legend: (Time is in decaauts)
 A = Elapsed time spent in this place.
 B = Non-inter-level travel time spent in this place.
 C = Inter-level travel time spent in this place.
 D = Time resting spent in this place.
 E = Time spent auto-exploring this place.
 F = Levels seen in this place.
 G = Mean time per level.
                   A        B        C        D        E       F      G
               +--------+--------+--------+--------+--------+-----+--------+
         Total |    498 |    498 |      0 |      0 |      0 |   5 |   99.6 |
       Dungeon |    498 |    498 |      0 |      0 |      0 |   5 |   99.6 |
               +--------+--------+--------+--------+--------+-----+--------+

Top non-repeatable levels by time:
     D:1: 169 daAuts
     D:4: 141 daAuts
     D:3: 106 daAuts
     D:5: 77 daAuts
     D:2: 3 daAuts
